AoeStats
← Larsonz1

Glade

510534170Analyzed
1v1 RM · 2d ago on Oct 1, 2026· 36m 23s· 2 players
Game mode
Random Map
Map size
Tiny (2 player)
Population
200
Speed
Normal
Resources
Standard
Victory
Conquest
Starting age
Dark Age
Ending age
Imperial Age
RankedLock teamsTeams togetherTeam positionsShared explorationLock speedFull tech treeHidden civsTurbo modeCheats
Victory
Defeat
🇦🇺 Cumans · Australia
945
+15
🇬🇧 Malay · United Kingdom
914
-42
Larsonz1
9:33 Feudal Age
13:06 Horse Collar
13:13 Double-Bit Axe
17:34 Fletching
17:44 Padded Archer Armor
18:54 Gold Mining
18:54 Stone Mining
22:49 Castle Age
24:01 Scale Barding Armor
28:49 Husbandry
29:09 Bow Saw
29:03 Heavy Plow
29:22 Leather Archer Armor
29:04 Bodkin Arrow
32:36 Crossbowman
35:38 Murder Holes
36:04 Ballistics
36:29 Gold Shaft Mining
36:29 Stone Shaft Mining
Scote
9:38 Feudal Age
10:47 Double-Bit Axe
12:53 Horse Collar
17:58 Wheelbarrow
20:08 Gold Mining
20:27 Padded Archer Armor
20:18 Fletching
20:23 Loom
20:52 Town Watch
23:34 Forging
23:30 Scale Barding Armor
24:00 Man-at-Arms
25:05 Stone Mining
29:08 Castle Age
29:19 Elite Skirmisher
30:23 Hand Cart
34:41 Imperial Age
32:59 Bloodlines
33:13 Chain Barding Armor
33:29 Iron Casting
33:15 Bow Saw
33:16 Heavy Plow
34:31 Bodkin Arrow
35:44 Gold Shaft Mining
35:37 Town Patrol
35:39 Cavalier
Connection lost

Rejoining the realm…

Still unreachable

The connection could not be restored.

Session expired

The server has moved on; the page needs a fresh start.